 Dungeon Crawl Stone Soup version 0.11-a0-2174-g3afda02 (console) character file.

443 vogonpoet the Caller (level 5, -1/35 HPs)
             Began as a Mummy Summoner on June 6, 2012.
             Killed from afar by an orc wizard (9 damage)
             ... with a magic dart
             ... on Level 4 of the Dungeon.
             The game lasted 00:15:11 (3229 turns).

vogonpoet the Caller (Mummy Summoner)               Turns: 3229, Time: 00:15:12

HP  -1/35        AC  6     Str 11      XL: 5   Next: 65%
MP   0/10        EV 11     Int 15      God:
Gold 224         SH  0     Dex 12      Spells:  3 memorised,  3 levels left

Res.Fire  : x . .   See Invis. : .   u - +0 orc trident
Res.Cold  : + . .   Warding    : .   m - +3 leather armour
Life Prot.: + + +   Conserve   : .   (no shield)
Res.Poison: +       Res.Corr.  : .   (no helmet)
Res.Elec. : .       Clarity    : .   (no cloak)
Sust.Abil.: . .     Spirit.Shd : .   (no gloves)
Res.Mut.  : .       Stasis     : .   (no boots)
Res.Rott. : +       Ctrl.Telep.: .   (no amulet)
Saprovore : . . .   Levitation : .   (no ring) Ctrl.Flight: .
                                     (no ring)

@: very slightly contaminated, slightly resistant to hostile enchantments,
unstealthy
A: no food or potions, fire vulnerability, restore body, cold resistance 1, life
protection 3, poison resistance, torment resistance, unbreathing
a: no special abilities


You were on level 4 of the Dungeon.
You were not hungry.

You visited 1 branch of the dungeon, and saw 4 of its levels.

You collected 204 gold pieces.

Inventory:

Hand weapons
 d - a +2,+0 orcish spear
 f - a +2,+0 orcish spear
 i - a +2,+0 orcish spear
 j - a +2,+0 orcish spear
 r - a -1,+1 orcish spear
 s - a -1,+1 orcish spear
 t - a -1,+1 orcish spear
 u - a +0,+0 orcish trident (weapon)
Missiles
 g - 41 darts (quivered)
 k - 28 sling bullets
 l - 21 stones
 v - 11 javelins
Armour
 a - a +0 robe
 m - a +3 leather armour (worn)
Scrolls
 c - 2 scrolls of detect curse
 e - 3 scrolls of enchant weapon I
 h - 2 scrolls of identify
 q - a scroll of fog {unknown}
Jewellery
 w - an uncursed ring of teleportation
Books
 b - a book of Callings

   Spells                             Type                      Level
   *Summon Small Mammals              Summoning                    1
   *Call Imp                          Summoning                    2
   *Call Canine Familiar              Summoning                    3
   Summon Scorpions                   Summoning/Poison             4
   Summon Ice Beast                   Ice/Summoning                4
 n - a book of Annihilations {highlevel}

   This book is beyond your current level of understanding.

   Spells                             Type                      Level
   Poison Arrow                       Conjuration/Poison           6
   Orb of Destruction                 Conjuration                  7
   Chain Lightning                    Conjuration/Air              8
   Lehudib's Crystal Spear            Conjuration/Earth            8
   Ice Storm                          Conjuration/Ice              9
   Fire Storm                         Conjuration/Fire             9
 p - a book of Annihilations {highlevel}

   This book is beyond your current level of understanding.

   Spells                             Type                      Level
   Poison Arrow                       Conjuration/Poison           6
   Orb of Destruction                 Conjuration                  7
   Chain Lightning                    Conjuration/Air              8
   Lehudib's Crystal Spear            Conjuration/Earth            8
   Ice Storm                          Conjuration/Ice              9
   Fire Storm                         Conjuration/Fire             9


   Skills:
 - Level 1.5 Dodging
 - Level 1.5 Stealth
 + Level 2.6 Spellcasting
 * Level 5.2 Summonings


You had 3 spell levels left.
You knew the following spells:

 Your Spells              Type           Power        Failure   Level  Hunger
a - Summon Small Mammals  Summ           ####.        3%          1    N/A
b - Call Imp              Summ           ####......   6%          2    N/A
c - Call Canine Familiar  Summ           ####......   12%         3    N/A

Dungeon Overview and Level Annotations

Branches:
Dungeon (4/27)
 Temple: D:4-7

Altars:
Vehumet
the Shining One


Innate Abilities, Weirdness & Mutations

You do not eat or drink.
Your flesh is vulnerable to fire.
Your flesh is cold resistant.
You are immune to negative energy.
Your system is resistant to poisons.
You are immune to unholy pain and torment.
You can survive without breathing.


Message History

A beastly little devil appears in a puff of flame.
Casting: Call Imp
Confirm with . or Enter, or press ? or * to list all spells.
A beastly little devil appears in a puff of flame.
You hit the orc wizard.
The orc wizard is moderately wounded.
Your crimson imp closely misses the orc wizard.
The orc wizard hits you with an orcish dagger.
The orc wizard casts a spell at you. The puff of flame hits you!
The fire burns you terribly!
* * * LOW HITPOINT WARNING * * *
Your crimson imp hits the orc wizard but does no damage.
Your crimson imp disappears in a puff of smoke!
You hit the orc wizard.
The orc wizard is heavily wounded.
Your crimson imp misses the orc wizard.
The orc wizard hits you but does no damage.
The orc wizard casts a spell at you. The magic dart hits you!
You die...

#.)............#
#......5o......#
#.....o..........
#........$.......
#..>.............
###..#####...#..
#######..####
...#.
#........o5.#
...#
#.......5@5.# ...
#..%........#
#...........+
#...........#
#...........+
#...........#
#######%##### #%#
#.#


You could see an orc wizard and friendly 3 crimson imps.

Vanquished Creatures
  An orc priest (D:3)
  A worker ant (D:4)
  A worm (D:3)
  2 orcs (D:3)
  6 bats
  3 giant cockroaches
  A hobgoblin (D:3)
  A giant newt (D:2)
  A goblin (D:3)
  3 rats
20 creatures vanquished.

Vanquished Creatures (collateral kills)
  A yellow wasp zombie (D:3)
  A hound (D:3)
  An orc priest (D:3)
  An orc wizard (D:3)
  A scorpion (D:4)
  4 adders
  A worm (D:3)
  An ooze (D:2)
  10 orcs
  2 bats
  A goblin (D:2)
  A hobgoblin (D:4)
  2 quokkas
  2 giant cockroaches (D:1)
  2 giant newts
  5 kobolds
  A rat (D:1)
37 creatures vanquished.

Vanquished Creatures (others)
  2 crimson imps (D:3)
  An iron imp (D:3)
  2 shadow imps (D:3)
  7 white imps
  A quokka (D:2)
  A bat (D:1)
  An orc zombie (D:4)
  6 rats
  2 toadstools (D:3)
23 creatures vanquished.

Grand Total: 80 creatures vanquished

Notes
Turn   | Place    | Note
--------------------------------------------------------------
     0 | D:1      | vogonpoet, the Mummy Summoner, began the quest for the Orb.
     0 | D:1      | Reached XP level 1. HP: 13/13 MP: 3/3
   752 | D:2      | Killed monsters: 0 trivial, 12 easy, 0 tough, 0 nasty; 7 corpses
   752 | D:2      | Reached XP level 2. HP: 11/19 MP: 0/4
   756 | D:2      | Learned a level 2 spell: Call Imp
  1127 | D:2      | Found a radiant altar of Vehumet.
  1677 | D:3      | Reached skill level 4 in Summonings
  1677 | D:3      | Killed monsters: 6 trivial, 6 easy, 2 tough, 0 nasty; 5 corpses
  1677 | D:3      | Reached XP level 3. HP: 24/24 MP: 5/5
  1686 | D:3      | Noticed a yellow wasp zombie
  1783 | D:3      | Killed a yellow wasp zombie
  1812 | D:3      | Found a glowing golden altar of the Shining One.
  1836 | D:3      | Killed monsters: 0 trivial, 1 easy, 0 tough, 1 nasty; 1 corpses
  1836 | D:3      | Reached XP level 4. HP: 30/30 MP: 0/7
  2903 | D:3      | Killed monsters: 5 trivial, 11 easy, 3 tough, 0 nasty; 10 corpses
  2903 | D:3      | Reached XP level 5. HP: 35/35 MP: 9/9
  3082 | D:3      | Learned a level 3 spell: Call Canine Familiar
  3136 | D:4      | Reached skill level 5 in Summonings
  3229 | D:4      | Killed from afar by an orc wizard
  3229 | D:4      | Killed monsters: 7 trivial, 1 easy, 3 tough, 0 nasty; 4 corpses
